 Dungeon Crawl Stone Soup version 0.23-a0-550-g7de1f8ee9f (console) character file.

3405 Harunobu the Fighter (level 10, -4/171 HPs)
             Began as an Ogre Berserker on Dec 8, 2018.
             Was a High Priest of Trog.
             Killed by nerve-wracking pain
             ... invoked by an orc priest
              (5 damage)
             ... on level 8 of the Dungeon.
             The game lasted 00:18:08 (7966 turns).

Harunobu the Fighter (Ogre Berserker)               Turns: 7966, Time: 00:18:09

Health: -4/171     AC:  6    Str: 30    XL:     10   Next: 4%
Magic:  10/10      EV: 13    Int:  8    God:    Trog [*****.]
Gold:   266        SH:  0    Dex: 11    Spells: 9/9 levels left

rFire    + . .     SeeInvis .   C - +4 quarterstaff (chaos)
rCold    . . .     Gourm    .   (shield currently unavailable)
rNeg     . . .     Faith    .   y - +2 robe {rF+}
rPois    +         Spirit   .   (helmet restricted)
rElec    .         Reflect  .   D - +0 cloak
rCorr    .         Harm     .   (gloves unavailable)
MR       +....                  (boots unavailable)
Stlth    ..........             (no amulet)
HPRegen  0.38/turn              J - ring of poison resistance
MPRegen  0.12/turn              E - +2 ring of dexterity

@: berserking (expiring), lethally poisoned (-4 -> -8), very quick
A: large, unfitting armour, tough skin 1
a: Berserk, Trog's Hand, Brothers in Arms, Renounce Religion


You were on level 8 of the Dungeon.
You worshipped Trog.
Trog was extremely pleased with you.
You were very hungry.

You visited 2 branches of the dungeon, and saw 9 of its levels.

You collected 395 gold pieces.
You spent 129 gold pieces at shops.

Inventory:

Hand Weapons
 j - a +1 vampiric dagger
 n - a +1 short sword of speed
 z - a +0 mace of holy wrath
 A - a +1 short sword of draining
 C - a +4 quarterstaff of chaos (weapon)
 H - a +2 spear of distortion
Armour
 y - a +2 robe of fire resistance (worn)
 D - a +0 cloak (worn)
 G - a +1 robe of fire resistance
Jewellery
 h - an uncursed ring of protection from cold
 w - a +2 ring of intelligence
 E - a +2 ring of dexterity (right hand)
 J - a ring of poison resistance (left hand)
 K - an uncursed ring of fire {unknown}
Wands
 b - a wand of iceblast (4)
 s - a wand of paralysis (4)
 t - a wand of disintegration (10)
 I - a wand of random effects (20)
Scrolls
 a - a scroll of fear {unknown}
 e - 4 scrolls of teleportation
 f - a scroll of noise {unknown}
 g - 3 scrolls of amnesia
 k - 2 scrolls of enchant weapon {unknown}
 l - 10 scrolls of identify
 o - 3 scrolls of magic mapping {unknown}
 p - 4 scrolls of remove curse
 v - a scroll of enchant armour {unknown}
 F - 2 scrolls of immolation {unknown}
 O - a scroll of blinking {unknown}
Potions
 d - 2 potions of heal wounds {unknown}
 i - 5 potions of curing
 m - 2 potions of haste {unknown}
 q - 2 potions of resistance {unknown}
 r - 3 potions of brilliance {unknown}
 u - 2 potions of ambrosia {unknown}
 x - 2 potions of degeneration {unknown}
 B - a potion of flight {unknown}
 L - a potion of berserk rage {unknown}
 M - a potion of agility {unknown}
Comestibles
 c - 17 rations


   Skills:
 + Level 11.4 Fighting
 + Level 5.1 Maces & Flails
 + Level 8.0 Dodging
 + Level 4.7 Stealth


You had 9 spell levels left.
You didn't know any spells.
Your spell library contained the following spells:

 Spells                   Type           Power        Failure   Level  Hunger
 Infusion                 Chrm           #...         41%         1    ##.....
 Shroud of Golubria       Chrm/Tloc      #.........   54%         2    ###....
 Song of Slaying          Chrm           #.......     54%         2    ###....
 Regeneration             Chrm/Necr      #.........   78%         3    ####...
 Spectral Weapon          Hex/Chrm       #.......     78%         3    ####...


Dungeon Overview and Level Annotations

Branches:
Dungeon (8/15)             Temple (1/1) D:7
   Lair: D:8-11

Altars:
Ashenzari
Fedhas
Kikubaaqudgha
Okawaru
Qazlal
Trog

Shops:
D:5 [


Innate Abilities, Weirdness & Mutations

You are too large for most types of armour.
You have tough skin. (AC +1)


Message History

You are too berserk!
You closely miss the killer bee.
You feel sick. The iguana bites you!
* * * LOW HITPOINT WARNING * * *
The killer bee stings you!
* * * LOW HITPOINT WARNING * * *
The ice beast barely misses you. The orc priest closely misses you.
You miss the killer bee.
You feel sick. The killer bee misses you. The iguana misses you.
The ice beast hits you.
* * * LOW HITPOINT WARNING * * *
The ice beast freezes you!
* * * LOW HITPOINT WARNING * * *
The killer bee barely misses you.
You thump the killer bee!
The killer bee jerks violently for a moment.
The killer bee is almost dead.
* * * LOW HITPOINT WARNING * * *
You feel sick.
The orc priest mumbles some strange prayers to Beogh against you.
Pain shoots through your body!
You die...

####....###..............#
#........................#
##.#####'#######'####.......
#..###.....###.....# #..###.
#..##.....###.....## .## .
#..#.....###.....## #
.####..#....###.y...##
.......'(..###.Yoyy##
.......#..## ###@### .#
.......#.## #..l..# #.#
.......### #..:..# #.#
.......# +.?.?.+ #.#
.......# #..[..# ###.#
.......# #.....# ##.#.#
.......# ###+### ##..#.##
>......+ ##...'..# .>.....#
##....#..#


You could see an ice beast, an iguana, 3 killer bees and an orc priest.

Vanquished Creatures
  Grinder (D:3)
  A hippogriff (D:7)
  A spriggan (D:7)
  Sigmund (D:3)
  A black bear (D:7)
  2 sky beasts
  3 ice beasts
  2 ogres
  2 centaurs
  A crocodile (D:7)
  2 big kobolds
  A gnoll sergeant (D:5)
  A bullfrog (D:5)
  A water moccasin zombie (D:6)
  A killer bee (D:8)
  A howler monkey (D:4)
  7 crimson imps
  7 hounds
  A quasit (D:6)
  A jelly (D:5)
  An orc priest (D:5)
  A centaur zombie (D:7)
  Crazy Yiuf (D:3)
  2 orc wizards
  Jessica (D:3)
  7 worker ants
  Ijyb (D:3)
  Terence (D:2)
  3 iguanas
  A hound skeleton (D:6)
  A mummy (D:7)
  5 gnolls
  9 adders
  4 shadow imps
  An ooze (D:5)
  2 adder skeletons
  An adder zombie (D:8)
  A worm (D:2)
  A dart slug (D:2)
  9 leopard geckos
  32 orcs
  2 ball pythons (D:3)
  9 bats
  4 giant cockroaches
  5 goblins
  7 hobgoblins
  20 jackals
  12 kobolds
  4 quokkas
  10 frilled lizards
  A jackal skeleton (D:4)
  A leopard gecko skeleton (D:6)
  9 rats
207 creatures vanquished.

Vanquished Creatures (collateral kills)
  A bullfrog (D:7)
  3 kobolds (D:7)
4 creatures vanquished.

Vanquished Creatures (others)
  A jelly (D:8)
1 creature vanquished.

Grand Total: 212 creatures vanquished

Notes
Turn   | Place    | Note
-------+----------+-------------------------------------------
     0 | D:1      | Harunobu the Ogre Berserker began the quest for the Orb.
     0 | D:1      | Reached XP level 1. HP: 24/24 MP: 1/1
   147 | D:1      | Reached XP level 2. HP: 29/32 MP: 2/2
   448 | D:1      | Reached XP level 3. HP: 39/40 MP: 3/3
   586 | D:1      | Reached ** piety under Trog
  1099 | D:2      | Noticed Terence
  1112 | D:2      | Killed Terence
  1112 | D:2      | Reached XP level 4. HP: 49/49 MP: 4/4
  1686 | D:2      | Reached skill level 5 in Fighting
  1727 | D:2      | Reached XP level 5. HP: 31/57 MP: 5/5
  2335 | D:3      | Noticed Sigmund
  2346 | D:3      | Killed Sigmund
  2346 | D:3      | Reached skill level 1 in Stealth
  2346 | D:3      | Reached XP level 6. HP: 67/67 MP: 6/6
  2478 | D:3      | Found a bloodstained altar of Trog.
  2723 | D:3      | Noticed Grinder
  2747 | D:3      | Paralysed by Grinder for 6 turns
  3056 | D:3      | Noticed Ijyb
  3082 | D:3      | Killed Ijyb
  3111 | D:3      | Paralysed by Grinder for 2 turns
  3362 | D:3      | Killed Grinder
  3362 | D:3      | Reached skill level 6 in Fighting
  3362 | D:3      | Reached skill level 5 in Maces & Flails
  3362 | D:3      | Reached XP level 7. HP: 63/76 MP: 7/7
  3402 | D:3      | Reached *** piety under Trog
  3506 | D:3      | Noticed Jessica
  3512 | D:3      | Killed Jessica
  3816 | D:3      | Found a runed door.
  3825 | D:3      | Noticed Crazy Yiuf
  3832 | D:3      | Killed Crazy Yiuf
  4265 | D:4      | Reached skill level 7 in Fighting
  4296 | D:4      | Reached skill level 5 in Dodging
  4376 | D:4      | Reached XP level 8. HP: 87/87 MP: 8/8
  4410 | D:4      | Found a blossoming altar of Fedhas.
  4412 | D:4      | Found an ancient bone altar of Kikubaaqudgha.
  4851 | D:5      | Entered Level 5 of the Dungeon
  4857 | D:5      | Reached skill level 8 in Fighting
  4915 | D:5      | Found Vicavoys's Antique Armour Shoppe.
  4967 | D:4      | Reached **** piety under Trog
  5366 | D:5      | Bought an embroidered robe for 129 gold pieces
  5408 | D:5      | Reached skill level 9 in Fighting
  6188 | D:6      | Reached XP level 9. HP: 85/100 MP: 9/9
  6495 | D:6      | Reached ***** piety under Trog
  6515 | D:6      | Reached skill level 10 in Fighting
  7237 | D:7      | Found a staircase to the Ecumenical Temple.
  7427 | Temple   | Entered the Ecumenical Temple
  7663 | D:7      | Reached skill level 11 in Fighting
  7886 | D:8      | Reached XP level 10. HP: 114/114 MP: 10/10
  7965 | D:8      | HP: 2/171 [ice beast (10)]
  7966 | D:8      | Killed from afar by an orc priest

Vault maps used:
D:1:      saegor_arrival_simple_c
D:2:      roderic_lattice_a, uniq_terence
D:3:      lemuel_crystal_altar, chequers_serial_rivers_small_b,
          minmay_misc_feat_pillars, uniq_jessica, uniq_sigmund, uniq_grinder,
          uniq_ijyb, uniq_crazy_yiuf_cottage
D:4:      grunt_temple_overflow_growth_and_decay, first_ration,
          serial_bayou_lagoon_b
D:5:      serial_shops, shop_statue
D:6:      minmay_chambers_of_threes, corexii_corridor_pit
D:7:      minmay_temple_entry_wispy, gup_ossuary_entry_pyramid, the_bakery,
          minmay_lizard_king
D:8:      minitemple, minmay_quadrilaterals, uniq_grum
Temple:   cyrus_circular_temple

Skill      XL: |  1  2  3  4  5  6  7  8  9 10 |
---------------+-------------------------------+-----
Maces & Flails | 3 4 5 |  5.1
Dodging        | 3 4 5 6 7 8 |  8.0
Fighting       | 5 6 7 9 11 | 11.4
Stealth        | 1 2 4 |  4.7

Action                   |  1- 3 |  4- 6 |  7- 9 | 10-12 || total
-------------------------+-------+-------+-------+-------++-------
Melee: Mace              |    76 |       |       |       ||    76
       Whip              |    38 |    11 |       |       ||    49
       Short sword       |       |   166 |    51 |       ||   217
       Quarterstaff      |       |       |   319 |    15 ||   334
Invok: Berserk           |     2 |     6 |    11 |     1 ||    20
  Use: Scroll            |       |     4 |     1 |       ||     5
 Stab: Sleeping          |       |     1 |     4 |       ||     5
       Paralysed         |       |       |     3 |       ||     3
       Distracted        |       |       |     1 |       ||     1
  Eat: Chunk             |     2 |     9 |    22 |       ||    33
       Ration            |       |     1 |     1 |       ||     2
Armor: Animal skin       |    35 |    25 |    15 |       ||    75
       Robe              |       |       |    96 |    11 ||   107
Dodge: Dodged            |    66 |    54 |   257 |    34 ||   411

Table legend:
 A = Non-vault XP
 B = Vault XP
 C = Vault XP percentage of total XP
 D = Non-vault monster count
 E = Vault monster count
 F = Vault count percentage of total count
                 A         B        C        D         E       F
            +---------+---------+-------+---------+---------+-------
      Total |    3484 |    1381 |  28.4 |     189 |      23 |  10.8
            +---------+---------+-------+---------+---------+-------
        D:1 |      52 |       0 |   0.0 |      30 |       0 |   0.0
        D:2 |      86 |      36 |  29.5 |      22 |       1 |   4.3
        D:3 |      76 |     602 |  88.8 |      29 |       5 |  14.7
        D:4 |     615 |       0 |   0.0 |      29 |       0 |   0.0
        D:5 |     726 |       0 |   0.0 |      35 |       0 |   0.0
        D:6 |     424 |     304 |  41.8 |      13 |       8 |  38.1
        D:7 |    1111 |     389 |  25.9 |      25 |       8 |  24.2
        D:8 |     394 |      50 |  11.3 |       6 |       1 |  14.3
            +---------+---------+-------+---------+---------+-------
